 Dungeon Crawl Stone Soup version 0.31-a0-596-g831eee08f1 (webtiles) character file.

Game seed: 1938724644432003563

100093 experimilk the Brawler (level 15, -10/250 HPs)
             Began as a Troll Gladiator on Aug 20, 2023.
             Was the Champion of Ru.
             Shot with an arrow by a naga sharpshooter (13 damage)
             ... led by Vashnia
             ... on level 2 of the Snake Pit.
             The game lasted 01:33:53 (29040 turns).

experimilk the Brawler (Troll Gladiator)           Turns: 29040, Time: 01:33:54

Health: -10/250    AC: 13    Str: 38    XL:     15   Next: 79%
Magic:  8/12       EV: 11    Int:  4    God:    Ru [******]
Gold:   58         SH:  0    Dex: 14    Spells: 14/14 levels left

rFire   . .          .
                       - Unarmed
rCold   . . .        (no shield)
rNeg    . . .        B - +3 troll leather armour
rPois   .            b - +0 hat
rElec   .            t - +2 cloak {rCorr}
rCorr   +            (gloves unavailable)
SInv    .            (boots unavailable)
Will    ++...        (no amulet) Stlth
                     C - +6 ring of strength
HPRegen 2.21/turn    e - ring of Nerygguem {Will+ Dex+3}
MPRegen 0.13/turn

%: no passive effects
@: mighty, berserking (expiring), lethally poisoned (-10 -> -10), exhausted,
horrified, studying Armour, very quick
A: large, unfitting armour, claws 3, low MP 1, regeneration 1, shaggy fur 1,
tough skin 1, inability to use devices, hated by all, cowardly, no fire magic,
no hexes magic, no translocations magic, no forms
a: Renounce Religion, Draw Out Power, Power Leap, Apocalypse


You were on level 2 of the Snake Pit.
You worshipped Ru.
Ru was exalted by your worship.
You visited 4 branches of the dungeon, and saw 24 of its levels.
You also visited: Ice Cave.

You collected 3205 gold pieces.
You spent 3147 gold pieces at shops.

Inventory:

Hand Weapons
 l - a +0 short sword
Missiles
 a - 2 poisoned darts
 f - 3 large rocks
 g - 3 throwing nets
 p - 17 stones
 q - 5 curare-tipped darts
 s - 14 boomerangs
 z - 6 atropa-tipped darts
Armour
 b - a +0 hat (worn)
 t - a +2 cloak of preservation (worn)
 B - a +3 troll leather armour (worn)
Jewellery
 e - the ring of Nerygguem (right claw) {Will+ Dex+3}
   (You found it on level 5 of the Lair of Beasts)

   [ring of willpower]

   Dex+3:     It affects your dexterity (+3).
   Will+:     It increases your willpower.
 h - a ring of positive energy
 k - an amulet of guardian spirit
 o - a ring of fire
 C - a +6 ring of strength (left claw)
 H - a ring of protection from fire
 J - a ring of protection from fire
 M - a ring of protection from cold
 Q - a ring of positive energy
Scrolls
 d - a scroll of identify
 i - a scroll of immolation
 x - 3 scrolls of blinking
 y - 6 scrolls of fog
 F - a scroll of silence
 G - a scroll of vulnerability
 K - 3 scrolls of poison
 N - a scroll of fear
 T - 7 scrolls of teleportation
 W - a scroll of revelation
Potions
 c - 5 potions of haste
 m - a potion of mutation
 n - 9 potions of curing
 r - 9 potions of heal wounds
 u - 3 potions of enlightenment
 A - a potion of ambrosia
 D - a potion of invisibility
 E - 3 potions of might
 S - 4 potions of attraction
 U - 3 potions of resistance
 V - a potion of berserk rage


   Skills:
 - Level 15.0 Fighting
 - Level 10.0 Throwing
 + Level 12.7 Armour
 - Level 5.0 Dodging
 - Level 15.0 Unarmed Combat


You had 14 spell levels left.
You didn't know any spells.
Your spell library contained the following spells:

 Spells                   Type           Power      Damage    Failure   Level
 Cigotuvi's Dreadful Rot  Necr/Pois/Air  0%         N/A       67%         2
 Passwall                 Tmut/Erth      0%         N/A       67%         2
 Swiftness                Air            0%         N/A       88%         3
 Dispel Undead            Necr           0%         3d6       99%         4
 Alistair's Intoxication  Tmut/Pois      0%         N/A       100%        5
 Borgnjor's Vile Clutch   Necr/Erth      0%         N/A       100%        5
 Freezing Cloud           Conj/Ice/Air   0%         6-21      100%        5
 Iskenderun's Battlesphe  Conj           0%         2d6       100%        5
 Conjure Ball Lightning   Conj/Air       0%         3x3d6     100%        6
 Eringya's Noxious Bog    Tmut/Pois      0%         4d6       100%        6
 Orb of Destruction       Conj           0%         9d5       100%        7
 Ozocubu's Refrigeration  Ice            0%         4d7       100%        7
 Lehudib's Crystal Spear  Conj/Erth      0%         10d2      100%        8
 Polar Vortex             Ice            0%         N/A       100%        9
 Ensorcelled Hibernation  Hex/Ice        Unusable   N/A       N/A         2
 Ignite Poison            Fire/Tmut/Pois Unusable   N/A       N/A         3
 Passage of Golubria      Tloc           Unusable   N/A       N/A         4
 Fireball                 Conj/Fire      Unusable   3d3       N/A         5
 Silence                  Hex/Air        Unusable   N/A       N/A         5
 Death Channel            Necr           Unusable   N/A       N/A         6
 Simulacrum               Ice/Necr       Unusable   N/A       N/A         6

Dungeon Overview and Level Annotations

Branches:
Dungeon (15/15)            Temple (0/1) D:4            Lair (5/5) D:11
  Swamp (0/4) Lair:2        Snake (2/4) Lair:3        Slime (0/5) Lair:4
    Orc (2/2) D:11            Elf (0/3) Orc:2        Vaults (0/5) D:13
 Depths (0/4) D:15          IceCv (visited)

Altars:
Ashenzari
Cheibriados
Elyvilon
Gozag
Kikubaaqudgha
Makhleb
Ru
Sif Muna
Trog
Xom
Zin
The Shining One

Shops:
D:3 *   D:6 :   D:8 *[(!   D:9 =   Orc:2 (!*[   Snake:1 :*   Snake:2 :=:

Annotations:
D:3 2 transporters, bahustanut's ghost, amateur OpSh
D:12 1 runed translucent door, timneilson's ghost, journeyman GrFi


Innate Abilities, Weirdness & Mutations

You are too large for most types of armour.
You have claws for hands.
Your magical capacity is low. (-10% MP)
Your natural rate of healing is unusually fast.
You are covered in fur. (AC +1)
You have tough skin. (AC +1)
You cannot study or use magical devices.
You are hated by all.
Your cowardice makes you less effective in combat with threatening foes.
You cannot study or cast Fire magic.
You cannot study or cast Hexes magic.
You cannot study or cast Translocations magic.
You cannot voluntarily change form.


Message History

The arrow hits you.
* * * LOW HITPOINT WARNING * * *
You miss Vashnia.
Vashnia is moderately wounded.
You feel sick.
Vashnia is stunned by your conviction and fails to attack.
Vashnia unwields a +6 glaive of holy wrath.
It stops glowing.
Vashnia wields a +0 longbow.
Vashnia shoots an arrow.
The arrow hits you!!!
* * * LOW HITPOINT WARNING * * *
You focus your inner power and paralyse Vashnia in retribution!
The helpless Vashnia fails to defend herself.
You eviscerate Vashnia!!!
Vashnia is severely wounded.
You feel sick.
Unknown command.
The helpless Vashnia fails to defend herself.
You eviscerate Vashnia!!!
Vashnia is almost dead.
You feel sick.
The naga sharpshooter mumbles some strange words.
The naga sharpshooter magically shoots an arrow.
The arrow hits you!
* * * LOW HITPOINT WARNING * * *
The helpless Vashnia fails to defend herself.
You mangle Vashnia!!
You kill Vashnia!
You feel sick.
Your life force feels restored.
Unknown command.
You feel sick.
The naga sharpshooter mumbles some strange words.
The naga sharpshooter magically shoots an arrow.
The arrow hits you.
* * * LOW HITPOINT WARNING * * *
Items here: )))) [[ ††.
Unknown command.
You feel a strong urge to attack something.
You feel sick.
The naga sharpshooter shoots an arrow.
The arrow hits you!
You die...

.# ...N ## ...(
####+##############..######
..##.).....##....##........
..##.......##....##........
..##.......##....##......
.###.......##....##...#
'###.......##....##.N######
..##........'†..@))........
..##.......##..N...........
..##.......##..............
...........##....##..##....
...........##....##N.# ....
...........##....##..# ...
...........##....##..# ..
...........##.....+..#
..##.......# #..#


You could see 3 naga sharpshooters.

Vanquished Creatures
  Vashnia (Snake:2)
  Asterion (Snake:1)
  Aizul (Snake:1)
  Louise (Snake:1)
  A stone giant (D:15)
  An ice dragon (IceCv)
  An ogre mage (D:15)
  5 hydras
  3 boulder beetles
  A death knight (D:15)
  4 centaur warriors
  3 death yaks (Lair:5)
  A tengu warrior (D:15)
  3 naga warriors (Snake:1)
  11 two-headed ogres
  3 naga sharpshooters
  Sonja (Orc:1)
  3 orc high priests (Orc:2)
  3 shock serpents
  4 skeletal warriors (D:14)
  A salamander mystic (Snake:2)
  A fire crab (D:15)
  A flayed ghost (D:13)
  A naga ritualist (Snake:1)
  A phantasmal warrior (D:15)
  5 orc knights
  A deep elf pyromancer (D:14)
  4 orc sorcerers
  9 ugly things
  5 mana vipers (Snake:1)
  4 salamanders
  3 oklob plants
  4 manticores
  A cyclops (D:13)
  3 naga magi
  5 elephants (Lair:4)
  2 ice statues (IceCv)
  10 black mambas
  2 gargoyles
  Maggie (D:7)
  18 cane toads
  An unseen horror (D:11)
  6 komodo dragons
  An efreet (D:15)
  7 rime drakes
  4 trolls
  4 polar bears
  A meliai (D:15)
  21 blink frogs
  3 hornets (Lair:5)
  3 dream sheep (Lair:5)
  6 slime creatures (D:12)
  4 wraiths
  Sigmund (D:2)
  6 wyverns
  A basilisk (shapeshifter) (D:13)
  39 yaks
  13 spriggans (Lair:5)
  6 humans (D:6)
  3 basilisks
  2 steam dragons
  9 vampire mosquitoes
  16 nagas
  4 wargs
  An acid dragon (D:12)
  16 water moccasins
  4 ice beasts
  21 orc warriors
  4 black bears
  A sky beast (D:8)
  3 boggarts (Lair:5)
  4 ogres
  44 wolves
  5 centaurs
  2 kobold brigands (D:9)
  10 bullfrogs
  A scorpion (D:5)
  8 wights
  3 lindwurm simulacra (IceCv)
  4 howler monkeys
  2 lava snakes (Lair:3)
  8 komodo dragon simulacra (IceCv)
  3 hounds
  14 jellies
  15 orc priests
  Crazy Yiuf (D:2)
  A gnoll bouda (D:5)
  A sleepcap (D:6)
  13 orc wizards
  9 hell rats
  3 adders
  4 gnolls
  5 acid dragon simulacra (IceCv)
  5 river rats (Lair:5)
  A shadow imp (D:7)
  A white imp (D:8)
  5 steam dragon simulacra (IceCv)
  2 worms
  2 dart slugs (D:1)
  56 orcs
  8 endoplasms
  7 giant cockroaches
  4 goblins (D:1)
  4 hobgoblins
  10 jackals
  16 kobolds
  5 quokkas
  8 ball pythons
  3 bats
  4 frilled lizards
  9 rats
655 creatures vanquished.

Vanquished Creatures (others)
  An anaconda (Snake:2)
  A water moccasin (Lair:5)
  An orc warrior (D:9)
  A wolf (Lair:2)
  A howler monkey (D:9)
  An orc priest (Orc:2)
  An orc wizard (D:9)
  3 orcs (D:9)
  2 kobolds (D:9)
12 creatures vanquished.

Grand Total: 667 creatures vanquished

Notes
Turn   | Place    | Note
-------+----------+-------------------------------------------
     0 | D:1      | experimilk the Troll Gladiator began the quest for the Orb.
     0 | D:1      | Reached XP level 1. HP: 19/19 MP: 0/0
   137 | D:1      | Reached XP level 2. HP: 24/27 MP: 1/1
   492 | D:1      | Reached XP level 3. HP: 33/33 MP: 2/2
   509 | D:1      | Found a faded altar of an unknown god.
   691 | D:2      | Noticed Sigmund
   902 | D:3      | Noticed a gnoll sergeant
   911 | D:3      | Noticed bahustanut's ghost (amateur OpSh)
   941 | D:3      | Found a transporter.
   943 | D:3      | Found a transporter.
  1175 | D:2      | Reached XP level 4. HP: 41/41 MP: 3/3
  1244 | D:2      | Killed Sigmund
  1245 | D:2      | Reached XP level 5. HP: 21/48 MP: 4/4
  1410 | D:2      | Found a runed translucent door.
  1411 | D:2      | Noticed Crazy Yiuf
  1611 | D:2      | Killed Crazy Yiuf
  1908 | D:3      | Found Gozag's Platinum Reserve.
  2043 | D:3      | Found an opulent altar of Gozag.
  2142 | D:4      | Reached XP level 6. HP: 55/55 MP: 5/5
  2234 | D:4      | Found a sacrificial altar of Ru.
  2279 | D:4      | Became a worshipper of Ru the Awakened
  2318 | D:4      | Found a glowing silver altar of Zin.
  2318 | D:4      | Found a bloodstained altar of Trog.
  2419 | D:4      | Found a staircase to the Ecumenical Temple.
  2656 | D:5      | Entered Level 5 of the Dungeon
  2845 | D:5      | Identified the +4 hand axe of the Dancing Wolf {speed,
                  | *Slow +Blink Str+2 SInv}
  3325 | D:5      | Reached XP level 7. HP: 62/62 MP: 6/6
  3634 | D:6      | Noticed a human
  3634 | D:6      | Noticed a human
  3634 | D:6      | Noticed a human
  3635 | D:6      | Noticed a human
  3650 | D:5      | Gained mutation: Your magical capacity is low. (-10% MP)
                  | [Ru sacrifice]
  3861 | D:6      | Noticed a human
  3867 | D:6      | Killed a human
  3868 | D:6      | Reached XP level 8. HP: 40/70 MP: 6/6
  3877 | D:6      | Reached skill level 10 in Unarmed Combat
  3909 | D:6      | Reached skill level 5 in Fighting
  4589 | D:6      | Found Emmissil's Book Shoppe.
  4607 | D:6      | Found a shimmering blue altar of Sif Muna.
  4630 | D:6      | Reached XP level 9. HP: 87/89 MP: 7/7
  5231 | D:6      | Found a glowing golden altar of the Shining One.
  5519 | D:7      | Noticed Maggie
  5532 | D:7      | Killed Maggie
  6209 | D:8      | Found Roroust's Distillery.
  6327 | D:8      | Bought a potion of curing for 36 gold pieces
  6327 | D:8      | Bought a potion of heal wounds for 60 gold pieces
  6327 | D:8      | Bought a potion of might for 48 gold pieces
  6416 | D:8      | Found Qutsetae's Armour Emporium.
  6467 | D:8      | Found a snail-covered altar of Cheibriados.
  6616 | D:8      | Gained mutation: You are hated by all. [Ru sacrifice]
  6616 | D:8      | Reached * piety under Ru
  6616 | D:8      | Reached ** piety under Ru
  6648 | D:8      | Found Kuosac's Antique Weapon Shop.
  6990 | D:8      | Reached XP level 10. HP: 95/107 MP: 8/8
  7010 | D:8      | Found Joge Omeuso's Assorted Antiques.
  7197 | D:8      | Bought 3 scrolls of teleportation for 216 gold pieces
  7485 | D:9      | Found a broken altar of Ashenzari.
  7832 | D:9      | Reached skill level 10 in Fighting
  7858 | D:9      | Noticed a two-headed ogre
  7867 | D:9      | Killed a two-headed ogre
  8219 | D:9      | Reached skill level 5 in Throwing
  8365 | D:9      | Found a white marble altar of Elyvilon.
  8715 | D:9      | Found Xijer's Jewellery Emporium.
  8779 | D:9      | Found a burning altar of Makhleb.
  8991 | D:10     | Entered Level 10 of the Dungeon
  9031 | D:10     | Found an ancient bone altar of Kikubaaqudgha.
  9120 | D:10     | Reached XP level 11. HP: 117/117 MP: 8/8
  9171 | D:10     | Noticed a two-headed ogre
  9178 | D:10     | Killed a two-headed ogre
 10168 | D:11     | Noticed a purple ugly thing
 10176 | D:11     | Killed a purple ugly thing
 10179 | D:11     | Gained mutation: Your cowardice makes you less effective in
                  | combat with threatening foes. [Ru sacrifice]
 10179 | D:11     | Reached *** piety under Ru
 10184 | D:11     | Noticed an oklob plant
 10191 | D:11     | Killed an oklob plant
 10347 | D:11     | Found a staircase to the Orcish Mines.
 10442 | D:11     | Reached skill level 10 in Throwing
 10642 | D:11     | Found a staircase to the Lair.
 11234 | D:12     | Found a runed translucent door.
 11237 | D:12     | Noticed timneilson's ghost (journeyman GrFi)
 11743 | D:12     | Noticed a two-headed ogre
 11763 | D:12     | Killed a two-headed ogre
 12251 | Lair:1   | Entered Level 1 of the Lair of Beasts
 12273 | Lair:1   | Reached XP level 12. HP: 89/126 MP: 9/9
 12807 | Lair:1   | Gained mutation: You cannot study or cast Fire magic. [Ru
                  | sacrifice]
 12807 | Lair:1   | Gained mutation: You cannot study or cast Hexes magic. [Ru
                  | sacrifice]
 12807 | Lair:1   | Gained mutation: You cannot study or cast Translocations
                  | magic. [Ru sacrifice]
 12807 | Lair:1   | Reached **** piety under Ru
 13470 | Lair:2   | Reached skill level 15 in Unarmed Combat
 13486 | Lair:2   | Found a staircase to the Swamp.
 13494 | Lair:2   | Reached skill level 1 in Armour
 13526 | Lair:2   | Found a frozen archway.
 13530 | IceCv    | Entered an ice cave
 14024 | IceCv    | Noticed an ice dragon
 14045 | IceCv    | Killed an ice dragon
 14297 | IceCv    | Identified the ring of the Scavenger {rPois rF+++ rC- Int-5
                  | SInv}
 15003 | Lair:2   | Reached XP level 13. HP: 115/133 MP: 10/10
 15203 | Lair:2   | Gained mutation: You cannot study or use magical devices.
                  | [Ru sacrifice]
 15203 | Lair:2   | Reached ***** piety under Ru
 15849 | Lair:3   | Found a staircase to the Snake Pit.
 15864 | Lair:3   | Reached skill level 5 in Dodging
 16180 | Lair:4   | Reached skill level 5 in Armour
 16452 | Lair:4   | Identified the +8 flail of Uffidgh {freeze, Int+4}
 16567 | Lair:4   | Found a staircase to the Slime Pits.
 16750 | Lair:4   | Found the +1 robe of Vines {NoPotionHeal Regen++++}
 17266 | Lair:5   | Entered Level 5 of the Lair of Beasts
 17338 | Lair:4   | Gained mutation: You cannot voluntarily change form. [Ru
                  | sacrifice]
 17338 | Lair:4   | Reached ****** piety under Ru
 18777 | Lair:5   | Reached XP level 14. HP: 146/146 MP: 11/11
 18929 | Lair:5   | Identified the ring of Nerygguem {Will+ Dex+3}
 19797 | Orc:1    | Entered Level 1 of the Orcish Mines
 19949 | D:8      | Bought a potion of resistance for 120 gold pieces
 19949 | D:8      | Bought a potion of berserk rage for 60 gold pieces
 20085 | Orc:1    | Noticed Sonja
 20106 | Orc:1    | Killed Sonja
 20565 | Orc:2    | Entered Level 2 of the Orcish Mines
 20599 | Orc:2    | Found a staircase to the Elven Halls.
 21411 | Orc:2    | Paralysed by an orc sorcerer for 2 turns
 21890 | Orc:2    | Found Goonluac's Antique Armour Shop.
 21890 | Orc:2    | Found Oheryxet's General Store.
 21892 | Orc:2    | Found Keoba's Distillery.
 21892 | Orc:2    | Found Dokoip's Antique Weapon Emporium.
 21905 | Orc:2    | Bought a potion of heal wounds for 80 gold pieces
 21905 | Orc:2    | Bought a potion of curing for 48 gold pieces
 21905 | Orc:2    | Bought 2 potions of curing for 96 gold pieces
 21905 | Orc:2    | Bought a potion of heal wounds for 80 gold pieces
 21905 | Orc:2    | Bought a potion of haste for 160 gold pieces
 21908 | Orc:2    | Bought a scroll of identify for 28 gold pieces
 21982 | Orc:2    | Identified 2 scrolls of acquirement
 21983 | Orc:2    | Acquired 365 gold pieces
 21985 | Orc:2    | Acquired 448 gold pieces
 22125 | D:8      | Bought a scroll of identify for 48 gold pieces
 22125 | D:8      | Bought a potion of haste for 240 gold pieces
 22350 | Snake:1  | Entered Level 1 of the Snake Pit
 22929 | D:13     | Found a gate to the Vaults.
 23396 | D:14     | Found a shimmering altar of Xom.
 23399 | D:14     | Found a shimmering altar of Xom.
 23402 | D:14     | Found a shimmering altar of Xom.
 23403 | D:14     | Found a shimmering altar of Xom.
 23420 | D:14     | Found a shimmering altar of Xom.
 23420 | D:14     | Found a shimmering altar of Xom.
 24033 | D:14     | Reached skill level 10 in Armour
 24364 | D:14     | Found a shimmering altar of Xom.
 24364 | D:14     | Found a shimmering altar of Xom.
 24364 | D:14     | Found a shimmering altar of Xom.
 24385 | D:14     | Found a shimmering altar of Xom.
 24482 | D:15     | Entered Level 15 of the Dungeon
 24501 | D:15     | Found a burning altar of Makhleb.
 24799 | D:15     | Found a shimmering altar of Xom.
 24994 | D:15     | Reached XP level 15. HP: 161/161 MP: 12/12
 25144 | D:15     | Found a staircase to the Depths.
 25329 | D:15     | Found a shimmering blue altar of Sif Muna.
 25915 | Snake:1  | Found Cetiw's Book Shop.
 26318 | Snake:1  | Noticed Aizul
 26325 | Snake:1  | Killed Aizul
 26510 | Snake:1  | Found Ucyut's Assorted Antiques.
 26514 | Snake:1  | Bought a scroll of teleportation for 87 gold pieces
 26514 | Snake:1  | Bought a potion of heal wounds for 145 gold pieces
 26514 | Snake:1  | Bought a scroll of teleportation for 87 gold pieces
 26514 | Snake:1  | Bought a scroll of acquirement for 1508 gold pieces
 26514 | Snake:1  | Acquired a manual of Armour
 26868 | Snake:1  | Noticed Louise
 26890 | Snake:1  | Killed Louise
 27205 | Snake:1  | Noticed Asterion
 27223 | Snake:1  | Killed Asterion
 28303 | Snake:2  | Found Siadatoo's Book Shoppe.
 28303 | Snake:2  | Found Ofuorcho's Jewellery Boutique.
 28304 | Snake:2  | Found Wutworil's Book Shoppe.
 28544 | Snake:2  | Reached skill level 15 in Fighting
 28570 | Snake:2  | HP: 6/167 [constriction[a naga ritualist] (4)]
 29007 | Snake:2  | Noticed Vashnia
 29037 | Snake:2  | HP: 8/247 [naga sharpshooter/arrow[Vashnia] (10)]
 29038 | Snake:2  | Killed Vashnia
 29039 | Snake:2  | HP: 2/250 [naga sharpshooter/arrow[Vashnia] (5)]
 29040 | Snake:2  | Shot with an arrow by a naga sharpshooter

Illustrated notes

Levels and vault maps discovered:
D:1:      lemuel_arrival_funnel, layout_basic, hellmonk_ecumenical_altar_blasted
D:2:      layout_rooms, uniq_crazy_yiuf_cottage, uniq_sigmund
D:3:      layout_basic, nicolae_gozag_zags_fifth_avenue,
          gammafunk_ghost_gnarly_gnolls, minmay_hedge_maze,
          chequers_serial_rivers_micro_c, grunt_decor_one_mirror,
          kennysheep_cross_room, kennysheep_crisscross
D:4:      layout_basic, nicolae_ru_path_of_blood,
          gammafunk_temple_overflow_elements, minmay_temple_entry_sparse_star
D:5:      layout_basic
D:6:      layout_loops_corners, mainiacjoe_overflow_alcove_2,
          nicolae_sif_muna_condensation, serial_shops,
          nicolae_shop_real_fake_doors, minmay_ruffians
D:7:      layout_loops_ring, uniq_maggie
D:8:      layout_basic, slow_altar_1, mainiacjoe_overflow_boulevard,
          serial_shops, shop, nicolae_shop_tiny_waterfront, shop, shop
D:9:      layout_rooms, cheibrodos_ashenzari_chains, kennysheep_mini,
          nicolae_overflow_hidden_temple, serial_shops, shop_statue,
          lemuel_flamethrower_2
D:10:     layout_roguey, marbit_many_paths
D:11:     layout_small_grid, dpeg_oklobed_lair, orc_0_dummy,
          chequers_serial_rivers_micro_a, chequers_serial_rivers_large_a
D:12:     layout_irregular_city, hellmonk_ghost_big_iron,
          kennysheep_generic_room_11
D:13:     layout_loops_cross, hellmonk_vaults_attempted_burglary, serial_rivers,
          chequers_serial_rivers_marsh, chequers_serial_rivers_micro_c,
          chequers_serial_rivers_large_b, chequers_serial_rivers_micro_a
D:14:     layout_basic, xom_redecorated
D:15:     grunt_enter_depths_giant_problem, layout_irregular_city,
          bloody_makhleb, hangedman_feature_mirror
Lair:1:   layout_cave_pods, pdpol_lair_neglected_garden, st_stairs_7,
          infiniplex_staircase_pool_2
Lair:2:   layout_loops_ring, swamp_mist, portal_ice_cave_entry_pillars_2,
          serial_bayou_shore_b, serial_bayou_shore_b, lemuel_fruit_fields
Lair:3:   layout_regular_city, nicolae_snake_entry_warm_welcome,
          eino_small_chamber_without_monster, chequers_serial_rivers_small_a
Lair:4:   layout_misc_corridors, minmay_slime_entry_jelly_boxes,
          hellmonk_guarded_unrand_vines
Lair:5:   minmay_lair_end_enchanted_forest, layout_gridlike,
          kennysheep_abandoned_house
Snake:1:  layout_chambers, serial_shops, shop, minmay_shop_star,
          nicolae_integral_box, uniq_aizul, uniq_louise, uniq_asterion
Snake:2:  minmay_snake_river, layout_grid_maze, minmay_shop_grove,
          grunt_megastairs_2, uniq_vashnia
Orc:1:    layout_diamond_mine, basic_altar, serial_shops, uniq_sonja
Orc:2:    grunt_orc_tribal_feast, layout_diamond_mine

Skill      XL: |  1  2  3  4  5  6  7  8  9 10 11 12 13 14 15 |
---------------+----------------------------------------------+-----
Unarmed Combat | 4 6 8 9 10 12 15 | 15.0
Fighting       | 6 9 10 11 13 15 | 15.0
Throwing       | 7 10 | 10.0
Armour         | 3 7 10 12 | 12.7
Dodging        | 4 5 |  5.0

Action                     |  1- 3 |  4- 6 |  7- 9 | 10-12 | 13-15 || total
---------------------------+-------+-------+-------+-------+-------++-------
  Melee: Unarmed           |   108 |   128 |   145 |   421 |   607 ||  1409
         Punch             |     2 |     3 |    10 |    31 |    57 ||   103
  Throw: Throwing net      |     1 |     1 |     1 |     7 |       ||    10
         Dart              |       |    14 |    16 |   125 |   108 ||   263
         Boomerang         |       |     7 |    26 |   120 |   272 ||   425
         Stone             |       |       |    21 |    30 |   108 ||   159
         Large rock        |       |       |       |     4 |    67 ||    71
         Javelin           |       |       |       |       |    18 ||    18
 Invoke: Sacrifice Essence |       |       |     1 |       |       ||     1
         Sacrifice Love    |       |       |     1 |       |       ||     1
         Sacrifice Courage |       |       |       |     1 |       ||     1
         Power Leap        |       |       |       |     1 |     9 ||    10
         Sacrifice Arcana  |       |       |       |     1 |       ||     1
         Apocalypse        |       |       |       |       |     1 ||     1
         Sacrifice Artific |       |       |       |       |     1 ||     1
         Sacrifice Forms   |       |       |       |       |     1 ||     1
         Draw Out Power    |       |       |       |       |     2 ||     2
  Evoke: Wand              |       |       |       |     1 |       ||     1
    Use: Scroll            |     2 |     4 |     6 |    11 |    15 ||    38
         Potion            |       |     1 |       |     2 |     7 ||    10
   Stab: Sleeping          |       |     1 |       |       |       ||     1
         Held in net/web   |       |       |     1 |       |       ||     1
         Distracted        |       |       |       |     1 |     3 ||     4
         Invisible         |       |       |       |     8 |     6 ||    14
         Paralysed         |       |       |       |       |     5 ||     5
 Armour: Robe              |    39 |    29 |    34 |    22 |       ||   124
         Skin              |       |     1 |       |       |       ||     1
         Troll leather arm |       |       |       |   109 |   241 ||   350
  Dodge: Dodged            |    55 |    40 |    50 |   180 |   282 ||   607

Table legend: (Time is in decaauts)
 A = Elapsed time spent in this place.
 B = Non-inter-level travel time spent in this place.
 C = Inter-level travel time spent in this place.
 D = Time resting spent in this place.
 E = Time spent auto-exploring this place.
 F = Levels seen in this place.
 G = Mean time per level.
                   A        B        C        D        E       F      G
               +--------+--------+--------+--------+--------+-----+--------+
         Total |  28640 |  26871 |   1769 |   6827 |  14652 |  25 | 1145.6 |
       Dungeon |  16047 |  14888 |   1159 |   3116 |   8981 |  15 | 1069.8 |
          Lair |   6612 |   6127 |    485 |   1747 |   3047 |   5 | 1322.4 |
     Snake Pit |   3091 |   3066 |     25 |   1123 |   1485 |   2 | 1545.5 |
  Orcish Mines |   2066 |   1967 |     99 |    372 |    972 |   2 | 1033.0 |
      Ice Cave |    822 |    822 |      0 |    467 |    167 |   1 |  822.0 |
               +--------+--------+--------+--------+--------+-----+--------+

Top non-repeatable levels by time:
 Snake:1: 2344 daAuts
     D:8: 1825 daAuts
  Lair:4: 1707 daAuts
     D:6: 1609 daAuts
  Lair:5: 1597 daAuts
    D:11: 1380 daAuts
    D:15: 1310 daAuts
   Orc:2: 1266 daAuts
    D:14: 1242 daAuts
     D:9: 1217 daAuts
    D:10: 1140 daAuts
  Lair:1: 1132 daAuts
  Lair:2: 1099 daAuts
  Lair:3: 1075 daAuts
     D:5: 1060 daAuts
